 Dungeon Crawl Stone Soup version 0.20-a0-454-g2b43fbb (webtiles) character file.

177 recordrepeat the Chopper (level 5, -4/47 HPs)
             Began as a Hill Orc Fighter on Jan 9, 2017.
             Killed by nerve-wracking pain
             ... invoked by Grinder
              (9 damage)
             ... on level 3 of the Dungeon.
             The game lasted 00:08:14 (2177 turns).

recordrepeat the Chopper (Hill Orc Fighter)         Turns: 2177, Time: 00:08:14

Health: -4/47      AC:  8    Str: 25    XL:     5   Next: 57%
Magic:  5/5        EV:  8    Int:  8    God:
Gold:   81         SH: 10    Dex: 10    Spells: 4/4 levels left

rFire  . . .     SeeInvis .     a - +0 war axe
rCold  . . .     Gourm    .     b - +0 scale mail
rNeg   . . .     Faith    .     c - +0 shield
rPois  .         Spirit   .     (no helmet)
rElec  .         Reflect  .     p - +0 cloak
rCorr  .         Harm     .     (no gloves)
MR     .....                    (no boots)
Stlth  ..........               (no amulet)
                                (no ring)
                                (no ring)

@: mighty
A: no striking features
a: no special abilities


You were on level 3 of the Dungeon.
You were not hungry.

You visited 1 branch of the dungeon, and saw 3 of its levels.

You collected 81 gold pieces.

Inventory:

Hand Weapons
 a - a +0 war axe (weapon)
 q - a +0 vampiric falchion
Armour
 b - a +0 scale mail (worn)
 c - a +0 shield (worn)
 p - a +0 cloak (worn)
Scrolls
 e - a scroll of noise {unknown}
 g - a scroll of fog {unknown}
 h - a scroll of random uselessness {unknown}
 i - a scroll of remove curse {unknown}
 m - a scroll of identify {unknown}
Books
 k - a book of Minor Magic

   Spells                             Type                      Level
   a - Magic Dart                     Conjuration                  1
   b - Blink                          Translocation                2
   c - Call Imp                       Summoning                    2
   d - Repel Missiles                 Charms/Air                   2
   e - Slow                           Hexes                        2
   f - Conjure Flame                  Conjuration/Fire             3
   g - Mephitic Cloud                 Conjuration/Poison/Air       3
Comestibles
 f - 6 bread rations
 l - 2 beef jerkies
 n - 3 fruits
 o - a meat ration
 r - 2 chunks of flesh


   Skills:
 + Level 4.4 Fighting
 + Level 4.6 Axes
 + Level 4.1 Armour
 + Level 1.1 Dodging
 + Level 0.1 Stealth
 + Level 4.1 Shields


You had 4 spell levels left.
You didn't know any spells.

Dungeon Overview and Level Annotations

Branches:
Dungeon (3/15)

Altars:
Ashenzari
Vehumet
Zin

Annotations:
D:3 Grinder


Message History

Grinder is heavily wounded.
Grinder hits you.
* * * LOW HITPOINT WARNING * * *
You writhe in agony.
* * * LOW HITPOINT WARNING * * *
Grinder hits you but does no damage.
It was a potion of curing.
You feel better. Grinder barely misses you.
You closely miss Grinder.
Grinder is heavily wounded.
You slash the quokka skeleton!
You destroy the quokka skeleton!
Grinder hits you!
* * * LOW HITPOINT WARNING * * *
You writhe in agony.
* * * LOW HITPOINT WARNING * * *
You slash Grinder!
Grinder is severely wounded.
Grinder gestures at you. Pain shoots through your body!
You die...

#....##.....##.#..#...#
######....#.....(.#.).###.##
#..........#.......#.#).#...# #.#
#.....(_.....#...._.. #.#
#.5#.......#.#..#...# #.#
#..#.......#...###.## #.#
#..##.....##....#...# #####.#
#####..####.####.#....... ......#
#.....55@................
#####.###.###.####.......###.....
≈.≈≈....≈≈≈≈.≈≈.≈....≈≈≈≈# #.....
≈≈≈≈≈≈.≈≈≈≈≈≈≈≈≈≈≈.≈≈≈≈≈.# #.....
≈≈♣♣♣≈≈≈♣♣♣≈.≈♣♣♣≈≈≈♣♣♣≈≈# #.....
.≈♣ ♣≈≈≈♣ ♣≈≈≈♣ ♣≈.≈♣ ♣≈.# #.....
.≈♣♣♣≈.≈♣♣♣≈≈≈♣♣♣≈.≈♣♣♣≈.# #.....
.≈≈≈≈≈≈≈≈≈≈≈.≈≈≈≈≈≈≈≈≈≈≈≈# #.....
≈.≈.≈≈≈≈≈≈.≈≈≈.≈≈≈≈≈..≈≈.# #.....


You could see Grinder and a crimson imp.

Vanquished Creatures
  An orc wizard (D:3)
  Terence (D:2)
  4 adders
  2 oozes
  3 worms
  2 dart slugs
  3 leopard geckos
  6 orcs (D:3)
  A giant cockroach (D:2)
  4 goblins
  4 hobgoblins
  2 quokkas
  A ball python (D:2)
  11 bats
  4 frilled lizards
  7 kobolds
  A quokka skeleton (D:3)
  10 rats
67 creatures vanquished.

Notes
Turn   | Place    | Note
-------+----------+-------------------------------------------
     0 | D:1      | recordrepeat the Hill Orc Fighter began the quest for the Orb.
     0 | D:1      | Reached XP level 1. HP: 19/19 MP: 1/1
    86 | D:1      | Reached XP level 2. HP: 23/27 MP: 2/2
   521 | D:2      | Reached XP level 3. HP: 33/33 MP: 3/3
   933 | D:2      | Reached XP level 4. HP: 38/40 MP: 4/4
  1209 | D:2      | Noticed Terence
  1236 | D:2      | Killed Terence
  1330 | D:3      | Found a radiant altar of Vehumet.
  1359 | D:3      | Found a glowing silver altar of Zin.
  1491 | D:3      | Reached skill level 1 in Dodging
  1491 | D:3      | Reached XP level 5. HP: 38/46 MP: 5/5
  1637 | D:3      | Found a shattered altar of Ashenzari.
  2148 | D:3      | Noticed Grinder
  2163 | D:3      | Paralysed by Grinder for 7 turns
  2174 | D:3      | HP: 2/47 [Grinder (5)]
  2177 | D:3      | Killed from afar by Grinder

Vault maps used:
D:1:      lemuel_arrival_lava_pool
D:2:      uniq_terence
D:3:      nicolae_overflow_crystal_walls, old_standard_altar, vehumet_crystals,
          first_bread, kennysheep_boxes, uniq_jessica, uniq_grinder

Skill      XL: |  1  2  3  4 |
---------------+-------------+-----
Axes           | 3 4 |  4.6
Fighting       | 4 |  4.4
Armour         | 4 |  4.1
Dodging        | 1 |  1.1
Shields        | 4 |  4.1
Stealth        | |  0.1

Action                   |  1- 3 |  4- 6 || total
-------------------------+-------+-------++-------
Melee: War axe           |   114 |   149 ||   263
  Use: Potion            |       |     2 ||     2
  Eat: Chunk             |       |     5 ||     5
Armor: Scale mail        |    47 |    70 ||   117
Dodge: Dodged            |    39 |    43 ||    82
Block: Shield            |    61 |    85 ||   146
